 Dungeon Crawl Stone Soup version 0.29-a0-834-g1e95ca9f62 (webtiles) character file.

Game seed: 9845100968722488717

3025 dante the Cleaver (level 9, -27/73 HPs)
             Began as a Minotaur Gladiator on July 12, 2022.
             Was an Initiate of Gozag.
             Annihilated by a large abomination (32 damage)
             ... on level 1 of the Abyss.
             The game lasted 00:12:58 (5696 turns).

dante the Cleaver (Minotaur Gladiator)              Turns: 5696, Time: 00:12:59

Health: -27/73     AC: 15    Str: 22    XL:     9   Next: 55%
Magic:  8/8        EV: 10    Int:  5    God:    Gozag
Gold:   611        SH:  0    Dex: 13    Spells: 8/8 levels left

rFire   . . .      SeeInvis .   a - +1 war axe
rCold   . . .      Faith    .   (no shield)
rNeg    . . .      Spirit   .   f - +0 chain mail
rPois   .          Reflect  .   c - +1 hat
rElec   .          Harm     .   g - +2 cloak
rCorr   .          Rampage  .   r - +0 pair of gloves
Will    .....      Rage     3%  (no boots)
Stlth   ..........              (no amulet)
HPRegen 0.22/turn               m - ring of flight
MPRegen 0.11/turn               (no ring)

@: flying, unable to read
A: horns 2, retaliatory headbutt, berserk 1, frail 1, inability to read while
threatened 1
a: Renounce Religion, Potion Petition, Call Merchant, Bribe Branch


You were on level 1 of the Abyss.
You worshipped Gozag.
Gozag was pleased with you.
You visited 2 branches of the dungeon, and saw 8 of its levels.
You visited the Abyss 1 time.

You collected 651 gold pieces.
You paid 40 gold pieces to Gozag.

Inventory:

Hand Weapons
 a - a +1 war axe (weapon)
Missiles
 d - 5 throwing nets (quivered)
 e - a javelin
 i - 4 boomerangs
 w - a poisoned dart
Armour
 c - a +1 hat (worn)
 f - a +0 chain mail (worn)
 g - a +2 cloak (worn)
 r - a +0 pair of gloves (worn)
Jewellery
 m - a ring of flight (left hand)
 x - an amulet of regeneration
Wands
 h - a wand of digging (7)
 k - a wand of polymorph (12)
 u - a wand of charming (6)
Scrolls
 p - 2 scrolls of teleportation
 q - a scroll of identify
 t - 3 scrolls of magic mapping
 v - a scroll of fog
 y - a scroll of enchant armour
Potions
 b - a potion of magic
 j - a potion of lignification
 l - 4 potions of flight
 n - 6 potions of curing
 o - 2 potions of resistance
 s - a potion of berserk rage
 z - a potion of haste


   Skills:
 + Level 8.4 Fighting
 * Level 11.9 Axes
 - Level 2.0 Throwing
 + Level 5.3 Armour
 + Level 6.0 Dodging


You had 8 spell levels left.
You didn't know any spells.
Your spell library contained the following spells:

 Spells                   Type           Power      Damage    Failure   Level
 Anguish                  Hex/Necr       0%         N/A       100%        4
 Enfeeble                 Hex            0%         N/A       100%        7


Dungeon Overview and Level Annotations

Branches:
Dungeon (7/15)             Temple (1/1) D:4

Altars:
Ashenzari
Cheibriados
Elyvilon
Fedhas
Gozag
Kikubaaqudgha
Nemelex Xobeh
Ru
Uskayaw
Xom
Yredelemnul

Shops:
D:1 !   D:4 (

Annotations:
D:5 buhh's ghost, amateur OpTm


Innate Abilities, Weirdness & Mutations

You have a pair of horns on your head.
You reflexively headbutt those who attack you in melee.
You sometimes lose your temper in combat.
You are frail. (-10% HP)
You occasionally lose the ability to read scrolls when taking damage.


Message History

You slash the neqoxec! You completely miss the neqoxec.
You hit the starspawn tentacle but do no damage.
The starspawn tentacle grabs you. The starspawn tentacle constricts you.
* * * LOW HITPOINT WARNING * * *
The neqoxec hits you but does no damage.
The neqoxec gestures at you.
Something tries to feed on your intellect!
A tentacle flies out from the starspawn's body!
A starspawn tentacle comes into view.
You completely miss the tentacled starspawn.
The starspawn tentacle loses its grip on you.
The tentacled starspawn is almost destroyed.
You hit the starspawn tentacle but do no damage.
You barely miss the neqoxec. x2; You hit the starspawn tentacle.
You destroy the tentacled starspawn!
The starspawn's tentacles wither and die.
The neqoxec gestures at you.
Strange energies course through your body.
You feel frail.
The neqoxec hits you but does no damage.
You feel your intelligence returning.
Your life force feels restored.
Your Fighting skill increases to level 8!
Your Axes skill increases to level 11!
Your Armour skill increases to level 5!
Your Dodging skill increases to level 6!
The substance of the Abyss twists violently, and a gateway leading out appears!
The neqoxec gestures at you.
Strange energies course through your body.
You feel a little pissed off.
There is a gateway leading out of the Abyss here.
The neqoxec gestures at you.
Strange energies course through your body.
You occasionally lose the ability to read scrolls when threatened.
A thrashing horror comes into view.
The thrashing horror roars!
You slash the large abomination!
The large abomination is moderately damaged.
The large abomination hits you!!
You feel threatened and lose the ability to read scrolls!
You die...
Your body crumbles into a pile of gold.

.. .. #. #. ..
#.X #. #. .. #
# .##. .#
.#.#.
##..#.##...#.
#...X...##.
##.#.@§..#.#
#...§§##.#
#..#.#3##
#..##...3## .#
#.#.#§# #
#.####..#
#.###. #..##.
...####.#.##.#
#..#. 3. ###


You could see a thrashing horror, a large abomination and 2 neqoxecs.

Vanquished Creatures
  A tentacled starspawn (Abyss:1)
  Sigmund (D:2)
  A wyvern (D:6)
  A steam dragon (D:5)
  A water moccasin (D:4)
  3 black bears
  An ogre (D:7)
  A centaur (D:7)
  A bullfrog (D:6)
  2 necrophages (D:6)
  3 scorpions
  A quasit (Abyss:1)
  2 hounds
  A jelly (D:5)
  6 orc wizards
  Ijyb (D:4)
  4 iguanas
  2 mummies (D:6)
  7 gnolls (D:4)
  5 adders
  2 shadow imps (D:5)
  2 white imps
  An ufetubus (D:5)
  3 worms
  4 dart slugs
  15 orcs
  9 endoplasms
  3 hobgoblins
  2 jackals (D:4)
  2 quokkas (D:3)
  3 training dummies (D:4)
  4 ball pythons
  5 bats
  5 frilled lizards (D:3)
  6 goblins
  A goblin zombie (D:6)
  5 kobolds
  A kobold zombie (D:6)
  3 rats
  A starspawn tentacle (Abyss:1)
122 creatures vanquished.

Vanquished Creatures (others)
  An orc (D:5)
  2 starspawn tentacles (Abyss:1)
3 creatures vanquished.

Grand Total: 125 creatures vanquished

Notes
Turn   | Place    | Note
-------+----------+-------------------------------------------
     0 | D:1      | dante the Minotaur Gladiator began the quest for the Orb.
     0 | D:1      | Reached XP level 1. HP: 18/18 MP: 0/0
   498 | D:1      | Reached XP level 2. HP: 23/25 MP: 1/1
   595 | D:2      | Reached skill level 4 in Axes
   595 | D:2      | Reached skill level 1 in Armour
   666 | D:1      | Found Deqonisch's Distillery.
   966 | D:2      | Noticed Sigmund
  1020 | D:3      | Reached XP level 3. HP: 30/30 MP: 2/2
  1158 | D:3      | Reached XP level 4. HP: 20/38 MP: 3/3
  1294 | D:3      | Reached skill level 5 in Axes
  1647 | D:4      | Reached XP level 5. HP: 45/45 MP: 4/4
  1682 | D:4      | Found Camaocs's Magic Scroll Boutique.
  2101 | D:4      | Reached skill level 6 in Axes
  2101 | D:4      | Reached XP level 6. HP: 47/52 MP: 5/5
  2161 | D:3      | Found a hide-covered altar of Uskayaw.
  2161 | D:3      | Noticed a +0 spear
  2161 | D:3      | Noticed a +0 short sword
  2162 | D:3      | Noticed a +0 short sword
  2163 | D:3      | Noticed a +0 dagger
  2168 | D:3      | Noticed a +0 falchion
  2169 | D:3      | Noticed a +0 falchion
  2170 | D:3      | Noticed a +0 spear
  2171 | D:3      | Noticed a +0 dagger
  2404 | D:2      | Found a faded altar of an unknown god.
  2417 | D:2      | Killed Sigmund
  2548 | D:2      | Reached skill level 7 in Axes
  2933 | D:4      | Noticed a water moccasin
  2939 | D:4      | Killed a water moccasin
  2940 | D:4      | Reached skill level 5 in Fighting
  2940 | D:4      | Reached XP level 7. HP: 54/61 MP: 6/6
  2940 | D:4      | Found a staircase to the Ecumenical Temple.
  2958 | Temple   | Entered the Ecumenical Temple
  3039 | Temple   | Became a worshipper of Gozag Ym Sagoz the Greedy
  3099 | D:4      | Noticed Ijyb
  3114 | D:4      | Killed Ijyb
  3227 | D:5      | Entered Level 5 of the Dungeon
  3246 | D:4      | Found an ancient bone altar of Kikubaaqudgha.
  3265 | D:4      | Reached skill level 8 in Axes
  3611 | D:4      | Found Rait's Firing Range.
  3987 | D:6      | Found a blossoming altar of Fedhas.
  4199 | D:6      | Reached skill level 9 in Axes
  4199 | D:6      | Reached XP level 8. HP: 67/71 MP: 7/7
  4330 | D:6      | Found a snail-covered altar of Cheibriados.
  4593 | D:6      | Reached skill level 10 in Axes
  4842 | D:6      | Identified the +8 chain mail of Unreason {rN+ Str-5 Int+3}
  4921 | D:5      | Noticed buhh's ghost (amateur OpTm)
  4921 | D:5      | Found a runed translucent gate.
  4921 | D:5      | Found a runed translucent gate.
  4921 | D:5      | Found a runed translucent gate.
  5118 | D:5      | Reached skill level 5 in Dodging
  5305 | D:5      | Found a basalt altar of Yredelemnul.
  5358 | D:5      | Reached XP level 9. HP: 77/80 MP: 8/8
  5624 | Abyss:1  | Cast into level 1 of the Abyss (kobold)
  5684 | Abyss:1  | Noticed a tentacled starspawn
  5693 | Abyss:1  | Killed a tentacled starspawn
  5693 | Abyss:1  | Gained mutation: You are frail. (-10% HP) [a neqoxec]
  5694 | Abyss:1  | Reached skill level 11 in Axes
  5694 | Abyss:1  | Reached skill level 5 in Armour
  5694 | Abyss:1  | Gained mutation: You sometimes lose your temper in combat.
                  | [a neqoxec]
  5695 | Abyss:1  | Gained mutation: You occasionally lose the ability to read
                  | scrolls when taking damage. [a neqoxec]
  5695 | Abyss:1  | Noticed a thrashing horror
  5696 | Abyss:1  | Annihilated by a large abomination

Illustrated notes

Levels and vault maps discovered:
D:1:      amcnicky_arrival_gap_in_the_tavern_cellar, layout_loops_ring,
          serial_shops, nicolae_shop_window_shopping
D:2:      layout_loops_ring, chequers_ecumenical_altar_simple_redux,
          uniq_sigmund
D:3:      layout_rooms, nicolae_uskayaw_en_pointe
D:4:      layout_rooms, nicolae_kikubaaqudgha_miasma_corner,
          minmay_temple_entry_arrows, serial_shops, nicolae_stop_n_shop_2,
          nicolae_shop_firing_range, uniq_ijyb
D:5:      black_bear_nest_2, layout_basic, kennysheep_little_box,
          gammafunk_ghost_nasty_kobolds
D:6:      layout_loops_ring, slow_altar_1, marbit_many_paths,
          nicolae_ossuary_entry_giza
D:7:      hellmonk_crumbling_castle, layout_gridville, uniq_pikel
Temple:   nicolae_temple_bog_church
Abyss:1:  base:
D:1

Skill      XL: |  1  2  3  4  5  6  7  8  9 |
---------------+----------------------------+-----
Axes           | 4 5 6 7 9 10 11 | 11.9
Armour         | 1 2 3 4 5 |  5.3
Fighting       | 3 4 5 6 7 8 |  8.4
Dodging        | 4 5 6 |  6.0
Throwing       | |  2.0

Action                   |  1- 3 |  4- 6 |  7- 9 || total
-------------------------+-------+-------+-------++-------
Melee: War axe           |    44 |    85 |   185 ||   314
       Headbutt          |     5 |    16 |    32 ||    53
       Punch             |     1 |       |     1 ||     2
Throw: Throwing net      |       |     3 |       ||     3
  Use: Scroll            |     4 |     5 |     6 ||    15
Armor: Leather armour    |    19 |     6 |       ||    25
       Chain mail        |       |    38 |   137 ||   175
Dodge: Dodged            |    39 |    40 |   127 ||   206

Table legend: (Time is in decaauts)
 A = Elapsed time spent in this place.
 B = Non-inter-level travel time spent in this place.
 C = Inter-level travel time spent in this place.
 D = Time resting spent in this place.
 E = Time spent auto-exploring this place.
 F = Levels seen in this place.
 G = Mean time per level.
                   A        B        C        D        E       F      G
               +--------+--------+--------+--------+--------+-----+--------+
         Total |   5738 |   5505 |    233 |    416 |   3783 |   9 |  637.6 |
       Dungeon |   5569 |   5351 |    218 |    416 |   3685 |   7 |  795.6 |
        Temple |     97 |     82 |     15 |      0 |     68 |   1 |   97.0 |
         Abyss |     71 |     71 |      0 |      0 |     30 |   1 |   71.0 |
               +--------+--------+--------+--------+--------+-----+--------+

Top non-repeatable levels by time:
     D:3: 1346 daAuts
     D:6: 1026 daAuts
     D:1: 949 daAuts
     D:4: 913 daAuts
     D:5: 727 daAuts
     D:2: 582 daAuts
  Temple: 97 daAuts
 Abyss:1: 71 daAuts
     D:7: 23 daAuts
